 Dungeon Crawl Stone Soup version 0.17-a0-1245-g990a8d8 (webtiles) character file.

5 ololoev the Charmwright (level 1, -1/16 HPs)
             Began as a Formicid Skald on June 5, 2015.
             Slain by a gnoll
             ... wielding a +0 halberd
              (12 damage)
             ... on level 1 of the Dungeon.
             The game lasted 00:00:32 (163 turns).

ololoev the Charmwright (Formicid Skald)             Turns: 163, Time: 00:00:33

Health: -1/16      AC:  3    Str: 16    XL:     1   Next: 88%
Magic:  3/3        EV: 11    Int: 11    God:
Gold:   0          SH:  0    Dex: 10    Spells: 1 memorised, 3 levels left

rFire  . . .     SeeInvis +     a - +0 falchion
rCold  . . .     Clarity  .     b - +0 leather armour
rNeg   . . .     SustAt   .     (no shield)
rPois  .         Gourm    .     (helmet unavailable)
rElec  .         Spirit   .     (no cloak)
rCorr  .         Warding  .     (no gloves)
rMut   .         Stasis   +     (no boots)
MR     .....                    (no amulet)
Stlth  +.........               (no ring)
                                (no ring)

@: not resistant to hostile enchantments, very unstealthy
A: permanent stasis, dig shafts and tunnels, four strong arms, antennae 3
a: Dig, Shaft Self


Innate Abilities, Weirdness & Mutations

You are under a permanent stasis effect.
You can dig through walls and to a lower floor.
Your four strong arms can wield two-handed weapons with a shield.
You have a pair of large antennae on your head (SInv).

Inventory:

Hand weapons
 a - a +0 falchion (weapon)
Missiles
 i - 6 javelins (quivered)
Armour
 b - a +0 leather armour (worn)
Scrolls
 e - a scroll of teleportation {unknown}
 g - a scroll of amnesia {unknown}
Books
 c - a book of Battle

   Spells                             Type                      Level
   a - Infusion                       Charms                       1
   b - Shroud of Golubria             Charms/Translocation         2
   c - Song of Slaying                Charms                       2
   d - Spectral Weapon                Hexes/Charms                 3
   e - Regeneration                   Charms/Necromancy            3
Comestibles
 d - 2 bread rations
 f - a beef jerky
 h - a royal jelly
 j - a meat ration


   Skills:
 - Level 2.1 Fighting
 * Level 2.4 Long Blades
 + Level 1.3 Armour
 - Level 0.8 Dodging
 - Level 2.1 Spellcasting
 - Level 3.0 Charms


You had 3 spell levels left.
You knew the following spells:

 Your Spells              Type           Power        Failure   Level  Hunger
a - Infusion              Chrm           #.....       12%         1    ##.....


You were on level 1 of the Dungeon.
You were not hungry.

You visited 1 branch of the dungeon, and saw 1 of its levels.

...............#.#
#..............# #
.(...###....#..#
.......)....#....#
..######.##.##.###
#.......((#
#.#.#######
...#......# ....
#@####.# #....
#..g..... #...
.....s... #...
.#.####(#. { ..#..
.. .. #.# ... ...
### ###

Notes
Turn   | Place    | Note
--------------------------------------------------------------
     0 | D:1      | ololoev the Formicid Skald began the quest for the Orb.
     0 | D:1      | Reached XP level 1. HP: 16/16 MP: 3/3
   163 | D:1      | Slain by a gnoll

Dungeon Overview and Level Annotations

Branches:
Dungeon (1/15)

Altars:


Message History

No target in view!
No target in view!
No target in view!
No target in view!
No target in view!
No target in view!
No target in view!
No target in view!
No target in view!
No target in view!
No target in view!
Search for what [? for help]? javel You see here a club.
You see here 8 javelins.
i - 8 javelins
Found 17 stones.
Things that are here:
a dagger; a goblin corpse You sense a monster nearby.
j - a meat ration A gnoll comes into view.
It is wielding a halberd.
The gnoll shouts!
A gnoll is nearby!
A gnoll is nearby!
A gnoll is nearby!
Throwing (i - inventory):
i - 8 javelins (quivered)
Press: ? - help, Shift-Dir - straight line, f - gnoll
Aim: a gnoll, wielding a halberd You throw a javelin.
The javelin hits the gnoll.
The gnoll is heavily wounded.
A giant cockroach comes into view.
Unknown command.
Throwing (i - inventory):
i - 7 javelins (quivered)
Press: ? - help, Shift-Dir - straight line, f/p - gnoll
Aim: a gnoll, wielding a halberd (heavily wounded)
You throw a javelin. The javelin barely misses the gnoll.
The javelin hits the giant cockroach but does no damage.
The gnoll hits you from afar with a halberd!
Ouch! That really hurt!
You die...

You could see a gnoll and a giant cockroach.

Vanquished Creatures
  A giant cockroach (D:1)
  A goblin (D:1)
  A hobgoblin (D:1)
  A bat (D:1)
  A kobold (D:1)
5 creatures vanquished.

Action                   || total
-------------------------++-------
Melee: Falchion          ||    12
Throw: Javelin           ||     2

Vault maps used:
D:1:      zaba_arrival_water
